 Dungeon Crawl Stone Soup version 0.28-a0-247-gb8bfbab023 (console) character file.

Game seed: 5664170129137163889

236 jejorda2 the Slasher (level 6, -5/57 HPs)
             Began as a Tengu Berserker on Aug 25, 2021.
             Was a Believer of Trog.
             Slain by a gnoll (11 damage)
             ... on level 4 of the Dungeon.
             The game lasted 00:05:59 (2738 turns).

jejorda2 the Slasher (Tengu Berserker)              Turns: 2738, Time: 00:06:00

Health: -5/57      AC:  6    Str: 18    XL:     6   Next: 6%
Magic:  7/7        EV: 14    Int:  7    God:    Trog [**....]
Gold:   106        SH:  0    Dex: 15    Spells: 5/5 levels left

rFire   . . .      SeeInvis .   a - +0 demon whip (venom)
rCold   . . .      Faith    .   (no shield)
rNeg    . . .      Spirit   .   b - +0 ring mail
rPois   .          Reflect  .   (helmet restricted)
rElec   .          Harm     .   (no cloak)
rCorr   .          Rampage  .   h - +0 pair of gloves
Will    .....                   (boots unavailable)
Stlth   ..........              (no amulet)
HPRegen 0.19/turn               (no ring)
MPRegen 0.10/turn               (no ring)

@: berserking (expiring), flying quickly and evasively, studying Slings, very
quick
A: beak, talons 3, nimble flight
a: Renounce Religion, Berserk, Trog's Hand


You were on level 4 of the Dungeon.
You worshipped Trog.
Trog was pleased with you.
You visited 1 branch of the dungeon, and saw 4 of its levels.

You collected 106 gold pieces.

Inventory:

Hand Weapons
 a - a +0 demon whip of venom (weapon)
 k - a +0 hunting sling
 o - a +0 falchion
Missiles
 j - 10 sling bullets
 l - 62 stones (quivered)
 p - 2 boomerangs of dispersal
Armour
 b - a +0 ring mail (worn)
 h - a +0 pair of gloves (worn)
Scrolls
 e - a scroll of brand weapon {unknown}
 f - 3 scrolls of identify {unknown}
 g - a scroll of teleportation {unknown}
 m - a scroll of summoning {unknown}
 n - a scroll of vulnerability {unknown}
 q - a scroll of fog {unknown}
Potions
 c - a potion of heal wounds {unknown}
 d - 2 potions of ambrosia {unknown}
 i - a potion of might {unknown}
 r - a potion of flight {unknown}


   Skills:
 + Level 4.1 Fighting
 - Level 4.7 Long Blades
 * Level 2.7 Maces & Flails
 - Level 2.1 Armour
 + Level 3.8 Dodging


You had 5 spell levels left.
You didn't know any spells.
Your spell library was empty.

Dungeon Overview and Level Annotations

Branches:
Dungeon (4/15)
 Temple: D:4-7

Altars:


Innate Abilities, Weirdness & Mutations

You have a beak for a mouth.
You have claws for feet.
Your magical nature lets you fly swiftly and evasively.


Message History

Trog accepts your kill.
You have reached level 6!
Your experience leads to an increase in your attributes!
Increase (S)trength, (I)ntelligence, or (D)exterity?
You feel agile. The gnoll misses you. The gnoll hits you with a +3 spear.
Items here: ) †.
You barely miss the gnoll. Your kick misses the gnoll.
Your peck misses the gnoll. The gnoll hits you with a +0 whip.
You closely miss the gnoll. Your kick misses the gnoll. You peck the gnoll!
The gnoll is heavily wounded.
The gnoll hits you with a +3 spear!
You are too injured to fight recklessly!
You are too injured to fight recklessly!
You are too injured to fight recklessly!
You are too injured to fight recklessly!
You barely miss the gnoll.
The gnoll is heavily wounded.
The gnoll hits you with a +0 whip.
* * * LOW HITPOINT WARNING * * *
The gnoll misses you.
You closely miss the gnoll.
The gnoll is heavily wounded.
You whack the gnoll!
You kill the gnoll!
Trog accepts your kill. The gnoll hits you with a +3 spear!
* * * LOW HITPOINT WARNING * * *
You whack the goblin!
You kill the goblin!
Trog accepts your kill. The gnoll hits you with a +3 spear.
* * * LOW HITPOINT WARNING * * *
You closely miss the gnoll. You claw the gnoll!
The gnoll is heavily wounded.
You whack the gnoll!
You kill the gnoll!
Trog accepts your kill. The gnoll hits you with a +3 spear!
You die...

.############.##########
........................
##############.#########
#..# ##.# #.## #..# ##.#
#@# #)g# ...# .....
#.....# #..)... #....#.#
#....#..


You could see a gnoll.

Vanquished Creatures
  A phantom (D:3)
  An orc wizard (D:3)
  A scorpion zombie (D:3)
  3 gnolls (D:4)
  2 adders (D:2)
  An ufetubus (D:3)
  2 worms
  A dart slug (D:1)
  6 orcs
  2 endoplasms
  2 giant cockroaches (D:1)
  5 goblins
  9 hobgoblins
  4 jackals (D:3)
  4 kobolds
  A quokka (D:1)
  6 ball pythons
  3 bats
  2 frilled lizards
  4 rats
60 creatures vanquished.

Notes
Turn   | Place    | Note
-------+----------+-------------------------------------------
     0 | D:1      | jejorda2 the Tengu Berserker began the quest for the Orb.
     0 | D:1      | Reached XP level 1. HP: 14/14 MP: 2/2
   154 | D:1      | Reached XP level 2. HP: 19/19 MP: 3/3
   346 | D:1      | Found a faded altar of an unknown god.
   514 | D:1      | Reached ** piety under Trog
   522 | D:1      | Reached XP level 3. HP: 22/23 MP: 4/4
  1460 | D:2      | Reached XP level 4. HP: 28/28 MP: 5/5
  2166 | D:3      | Reached skill level 1 in Maces & Flails
  2166 | D:3      | Gained mutation: Your magical nature lets you fly swiftly
                  | and evasively. [Tengu growth]
  2166 | D:3      | Reached XP level 5. HP: 32/33 MP: 6/6
  2198 | D:3      | Noticed a phantom
  2204 | D:3      | Killed a phantom
  2730 | D:4      | Reached XP level 6. HP: 36/38 MP: 7/7
  2738 | D:4      | Slain by a gnoll

Illustrated notes

Levels and vault maps discovered:
D:1:      dpeg_arrival_rooms_with_view, layout_basic,
          shapermc_ecumenical_altar_mp_vishouse, minmay_misc_feat_rows,
          minmay_surrounded
D:2:      layout_loops_cross
D:3:      layout_loops_ring, minmay_strange_pillars
D:4:      layout_basic, minmay_temple_entry_butterflies, corexii_checkpoint_b,
          uniq_ijyb

Skill      XL: |  1  2  3  4  5 |
---------------+----------------+-----
Long Blades    | 4 |  4.7
Dodging        | 3 |  3.8
Maces & Flails | 1 2 |  2.7
Fighting       | 4 |  4.1
Armour         | |  2.1

Action                   |  1- 3 |  4- 6 || total
-------------------------+-------+-------++-------
Melee: Falchion          |    66 |    18 ||    84
       Kick              |    17 |    24 ||    41
       Peck              |    13 |    10 ||    23
       Demon whip        |       |    44 ||    44
Invok: Berserk           |     1 |     1 ||     2
Armor: Ring mail         |    31 |    10 ||    41
       Animal skin       |     2 |       ||     2
Dodge: Dodged            |    46 |    29 ||    75
       Rpst.: Falchion   |    11 |     4 ||    15

Table legend: (Time is in decaauts)
 A = Elapsed time spent in this place.
 B = Non-inter-level travel time spent in this place.
 C = Inter-level travel time spent in this place.
 D = Time resting spent in this place.
 E = Time spent auto-exploring this place.
 F = Levels seen in this place.
 G = Mean time per level.
                   A        B        C        D        E       F      G
               +--------+--------+--------+--------+--------+-----+--------+
         Total |   2704 |   2430 |    274 |    138 |   1903 |   4 |  676.0 |
       Dungeon |   2704 |   2430 |    274 |    138 |   1903 |   4 |  676.0 |
               +--------+--------+--------+--------+--------+-----+--------+

Top non-repeatable levels by time:
     D:1: 989 daAuts
     D:3: 847 daAuts
     D:2: 779 daAuts
     D:4: 89 daAuts
